[Event "Team 45 45 League T46"]
[Site "Internet Chess Club"]
[Date "2010.09.26"]
[Round "8"]
[White "Guoruey"]
[Black "Troparion"]
[Result "1-0"]
[WhiteElo "1901"]
[BlackElo "1830"]
[Opening "Ruy Lopez: classical (Cordel) defense"]
[ECO "C64"]
[Time "20:15:11"]
[TimeControl "2700+45"]

1. e4 e5 2. Nf3 Nc6 3. Bb5 Bc5 4. O-O Qf6 5. d3 h6 6. Be3 Bb6 7. Nbd2 Nge7 8.
Nc4 O-O 9. Nxb6 axb6 10. d4 d6 11. d5 Nd8 12. Bd3 Bg4 13. Kh1 g5 14. Be2 Ng6 15.
h3 Bd7 16. Nh2 Nf4 17. Bg4 Bxg4 18. Qxg4 h5 19. Qf3 Qg6 20. Bxf4 exf4 21. h4 f6
22. g4 Ra4 23. Rg1 Nf7 24. gxh5 Qxe4 25. hxg5 fxg5 26. Qxe4 Rxe4 27. Nf3 Re2 28.
Nxg5 Nxg5 29. Rxg5+ Kh7 30. Rag1 Kh6 31. Rg6+ Kxh5 32. R6g5+ Kh4 33. R5g4+ Kh3
34. R4g2 {Black resigns} 1-0

[Event "Team 45 45 League T46"]
[Site "Internet Chess Club"]
[Date "2010.09.26"]
[Round "8"]
[White "Mat55"]
[Black "MeanMrMustard"]
[Result "1-0"]
[WhiteElo "1939"]
[BlackElo "1851"]
[Opening "QGD semi-Slav"]
[ECO "D43"]
[Time "11:10:36"]
[TimeControl "2700+45"]

1. d4 d5 2. c4 c6 3. Nf3 Nf6 4. Nc3 e6 5. Bg5 Be7 6. e3 O-O 7. Qc2 Nbd7 8. Rd1
a6 9. a3 b5 10. c5 Qc7 11. Bf4 Qd8 12. Bd3 h6 13. g4 g5 14. Be5 Nxe5 15. Nxe5
Qc7 16. h4 Nd7 17. Nxd7 Bxd7 18. hxg5 hxg5 19. Bxb5 f5 20. Bd3 e5 21. f4 exd4
22. Qh2 Kf7 23. Qh5+ Kf6 24. Qxg5+ Ke6 {Black resigns} 1-0

[Event "Team 45 45 League T46"]
[Site "Internet Chess Club"]
[Date "2010.09.26"]
[Round "8"]
[White "christinaa"]
[Black "alexping"]
[Result "1-0"]
[WhiteElo "2066"]
[BlackElo "1895"]
[Opening "French: Winawer, advance, 5.a3"]
[ECO "C17"]
[Time "11:10:24"]
[TimeControl "2700+45"]

1. e4 e6 2. d4 d5 3. Nc3 Bb4 4. e5 c5 5. a3 Ba5 6. b4 cxd4 7. Nb5 Bc7 8. f4 Ne7
9. Nf3 Nbc6 10. Bb2 Nf5 11. Bd3 a6 12. Nxc7+ Qxc7 13. Qe2 Qe7 14. g4 Nh4 15.
Nxd4 Ng6 16. Qf3 Qh4+ 17. Kd2 Qd8 18. h4 Nxh4 19. Qg3 g5 20. Nxc6 bxc6 21. Bd4
a5 22. fxg5 Ng6 23. Qe3 Ba6 24. Bb6 Qb8 25. Bxg6 fxg6 26. bxa5 O-O 27. Bc5 Rf7
28. Rab1 Qc7 29. Rb6 Bb5 30. Bb4 Rc8 31. Qc5 Qxe5 32. Re1 Qxg5+ 33. Kc3 Rf3+ 34.
Kb2 Qf6+ 35. Kb1 Ba4 36. a6 Rf2 37. Rc1 Qd8 38. Qxf2 d4 39. Rb7 Qe8 40. Qf6
{Black resigns} 1-0

[Event "Team 45 45 League T46"]
[Site "Internet Chess Club"]
[Date "2010.09.23"]
[Round "8"]
[White "misuc56"]
[Black "ScotchYeti"]
[Result "0-1"]
[WhiteElo "1820"]
[BlackElo "1606"]
[Opening "Benoni defense"]
[ECO "A56"]
[Time "14:07:20"]
[TimeControl "2700+45"]

1. d4 Nf6 2. c4 c5 3. e3 cxd4 4. exd4 g6 5. Nf3 d5 6. h3 Bg7 7. Be3 O-O 8. Nc3
b6 9. Rc1 Bb7 10. cxd5 Nxd5 11. Be2 Nd7 12. O-O N7f6 13. Ne5 Rc8 14. Bf3 Nxc3
15. Rxc3 Nd5 16. Rxc8 Qxc8 17. Qb3 e6 18. Rc1 Qa8 19. Bd2 Rd8 20. Rd1 Qb8 21.
Bc3 Nxc3 22. Qxc3 Bxe5 23. dxe5 Bxf3 24. Rxd8+ Qxd8 25. Qxf3 Qd5 26. b3 Qxf3 27.
gxf3 f5 28. f4 Kg7 29. h4 Kh6 30. Kg2 Kh5 31. Kg3 h6 32. b4 g5 33. hxg5 hxg5 34.
a4 Kh6 35. a5 Kh5 36. Kf3 Kh4 37. fxg5 Kxg5 38. Ke3 Kg4 39. a6 Kg5 40. f3 Kh4
41. Kf4 b5 42. Ke3 Kg3 43. Kd3 Kxf3 44. Kd4 Kg3 45. Kc5 f4 46. Kd6 f3 47. Kxe6
f2 48. Kd6 f1=Q 49. e6 Qd3+ 50. Kc6 Qc4+ 51. Kb7 Qxe6 52. Kxa7 Qe7+ 53. Kb8 Qxb4
54. a7 Qa4 {White resigns} 0-1

[Event "Team 45 45 League T46"]
[Site "Internet Chess Club"]
[Date "2010.09.24"]
[Round "8"]
[White "SlimeDog2"]
[Black "smitty120"]
[Result "1-0"]
[WhiteElo "2143"]
[BlackElo "1893"]
[Opening "Benkö gambit accepted"]
[ECO "A58"]
[Time "22:00:56"]
[TimeControl "2700+45"]

1. d4 Nf6 2. c4 c5 3. d5 b5 4. cxb5 a6 5. bxa6 g6 6. Nc3 Bxa6 7. g3 d6 8. Bg2
Bg7 9. Nf3 O-O 10. O-O Nbd7 11. Rb1 Qa5 12. Qc2 Rab8 13. Bd2 c4 14. Nd4 Ne5 15.
Na4 Qc7 16. b4 Qa7 17. Nc6 Nxc6 18. dxc6 Bb5 19. Nc3 Qd4 20. c7 {Black resigns}
1-0

[Event "Team 45 45 League T46"]
[Site "Internet Chess Club"]
[Date "2010.09.24"]
[Round "8"]
[White "tenor"]
[Black "AncientTurnip"]
[Result "0-1"]
[WhiteElo "1787"]
[BlackElo "1814"]
[Opening "QGD Slav defense"]
[ECO "D10"]
[Time "20:00:09"]
[TimeControl "2700+45"]

1. d4 d5 2. c4 c6 3. g3 Nf6 4. Bg2 dxc4 5. Nf3 Be6 6. O-O g6 7. Nc3 Bg7 8. e4
O-O 9. h3 Qc8 10. Kh2 b5 11. Qc2 Nbd7 12. Ng5 Nb6 13. Nxe6 Qxe6 14. a4 b4 15.
Ne2 a5 16. Be3 Rab8 17. Nf4 Qc8 18. Rfe1 Re8 19. f3 e5 20. dxe5 Nfd7 21. e6 fxe6
22. Bf1 c3 23. b3 c5 24. Bb5 Bd4 25. Rad1 Bxe3 26. Rxe3 Re7 27. Red3 Ne5 28. Re3
c4 29. Kg2 cxb3 30. Qxb3 Nbc4 31. Bxc4 Qxc4 32. Qc2 Rc7 33. Ne2 b3 34. Qxc3
Qxe2+ 35. Rxe2 Rxc3 {White resigns} 0-1

[Event "Team 45 45 League T46"]
[Site "Internet Chess Club"]
[Date "2010.09.25"]
[Round "8"]
[White "musk6868"]
[Black "LukeOZade"]
[Result "0-1"]
[WhiteElo "1801"]
[BlackElo "1803"]
[Opening "Ruy Lopez: Schliemann defense"]
[ECO "C63"]
[Time "13:14:06"]
[TimeControl "2700+45"]

1. e4 e5 2. Nf3 Nc6 3. Bb5 f5 4. exf5 e4 5. Bxc6 dxc6 6. Ne5 Bxf5 7. Qh5+ g6 8.
Nxg6 Bxg6 9. Qe5+ Kf7 10. h4 Qd6 11. Qc3 Bg7 12. Qb3+ Ke7 13. h5 Bf5 14. Nc3 b6
15. Ne2 Be6 16. Qe3 Bd5 17. Ng3 Qe6 18. a4 Bh6 19. Qd4 Nf6 20. b3 c5 21. Qc3 Ng4
22. Bb2 Rhg8 23. O-O-O Nxf2 24. Rdf1 Nxh1 25. Nf5+ Kd7 26. Nxh6 Qxh6 27. Qh3+
Qe6 28. Rf7+ Ke8 29. Qxe6+ Bxe6 30. Rxh7 Rxg2 31. Kb1 Bf7 32. Bf6 Nf2 33. h6 Rg8
34. Rg7 Rxg7 35. Bxg7 Bg6 {White resigns} 0-1

[Event "Team 45 45 League T46"]
[Site "Internet Chess Club"]
[Date "2010.09.26"]
[Round "8"]
[White "Lokath"]
[Black "Karpyan"]
[Result "1-0"]
[WhiteElo "1905"]
[BlackElo "1858"]
[Opening "French: Chigorin variation"]
[ECO "C00"]
[Time "05:03:58"]
[TimeControl "2700+45"]

1. e4 e6 2. Qe2 c5 3. Nf3 d5 4. exd5 Qxd5 5. Nc3 Qd8 6. g3 Nf6 7. Bg2 Nc6 8. O-O
Be7 9. b3 O-O 10. Bb2 Nb4 11. d3 Rb8 12. Rfd1 b6 13. a3 Nc6 14. d4 cxd4 15. Nb5
Ba6 16. c4 e5 17. Nxe5 Nxe5 18. Qxe5 d3 19. Nxa7 Bb7 20. Bxb7 Rxb7 21. Nc6 Bd6
22. Qg5 h6 23. Nxd8 Rxd8 {Black resigns} 1-0

[Event "Team 45 45 League T46"]
[Site "Internet Chess Club"]
[Date "2010.09.25"]
[Round "8"]
[White "Duguesclin"]
[Black "tigereye"]
[Result "1/2-1/2"]
[WhiteElo "1686"]
[BlackElo "1813"]
[Opening "QGD: semi-Slav"]
[ECO "D10"]
[Time "12:00:28"]
[TimeControl "2700+45"]

1. d4 d5 2. c4 c6 3. Nc3 e6 4. c5 b6 5. b4 a5 6. Qa4 Nf6 7. Bf4 b5 8. Qb3 Nbd7
9. Nf3 Be7 10. h3 O-O 11. e3 axb4 12. Qxb4 Nb6 13. Ne5 Bd7 14. Bd3 Nc4 15. O-O
Qa5 16. Rfb1 Ra7 17. Qxa5 Rxa5 18. Rb4 Ra3 19. Nb1 Ra6 20. a4 Rfa8 21. Nc3 Be8
22. Nxc4 dxc4 23. Bc2 Nd5 24. Nxd5 exd5 25. Bc7 Bd8 26. Bxd8 Rxd8 27. Rab1 g6
28. g4 Rda8 29. axb5 cxb5 30. e4 Ra2 31. Bd1 dxe4 32. d5 Rd2 33. c6 Rxd5 34.
Rxb5 Rxb5 35. Rxb5 Bxc6 36. Rc5 Ra1 37. Rxc6 Rxd1+ 38. Kg2 Rc1 39. g5 c3 40. Kg3
c2 41. Kf4 Kf8 42. Ke5 Ke7 43. Rc7+ Kd8 44. Rc3 e3 45. fxe3 Re1 46. Rxc2 Rxe3+
47. Kf6 Rxh3 48. Kxf7 Kd7 49. Rd2+ Kc6 50. Kg7 Rg3 51. Kh6 Rh3+ 52. Kg7 Rh5 53.
Kf6 Rh4 54. Kg7 Rg4 55. Kh6 Rh4+ 56. Kg7 Rh1 57. Rd8 Rg1 58. Kf6 Rf1+ 59. Kg7
Rg1 60. Kh6 Rh1+ 61. Kg7 Rg1 {Game drawn by repetition} 1/2-1/2

[Event "Team 45 45 League T46"]
[Site "Internet Chess Club"]
[Date "2010.09.26"]
[Round "8"]
[White "Deebs"]
[Black "bondguy01"]
[Result "1-0"]
[WhiteElo "1780"]
[BlackElo "1707"]
[Opening "Queen's gambit accepted"]
[ECO "D20"]
[Time "09:00:44"]
[TimeControl "2700+45"]

1. d4 d5 2. c4 dxc4 3. e3 e5 4. Bxc4 exd4 5. exd4 Bd6 6. Nc3 Nf6 7. Nf3 O-O 8.
O-O Nc6 9. Bg5 h6 10. Bh4 Bg4 11. Be2 Bxf3 12. Bxf3 Nxd4 13. Nd5 Nxf3+ 14. Qxf3
g5 15. Nxf6+ Kg7 16. Nh5+ Kg6 17. Bg3 f5 18. Bxd6 Qxd6 19. Ng3 c6 20. Rad1 Qc7
21. Qh5+ Kg7 22. Rfe1 Rf7 23. Re6 {Black resigns} 1-0

[Event "Team 45 45 League T46"]
[Site "Internet Chess Club"]
[Date "2010.09.25"]
[Round "8"]
[White "Portola"]
[Black "RayF"]
[Result "0-1"]
[WhiteElo "1747"]
[BlackElo "1872"]
[Opening "Richter-Veresov attack"]
[ECO "D01"]
[Time "08:00:25"]
[TimeControl "2700+45"]

1. d4 Nf6 2. Nc3 d5 3. Bg5 Nbd7 4. Nf3 h6 5. Bh4 c5 6. e3 cxd4 7. exd4 e6 8. Be2
Bb4 9. O-O O-O 10. Na4 Qc7 11. Bg3 Bd6 12. Bxd6 Qxd6 13. Nc3 Qb4 14. Rb1 b6 15.
a3 Qd6 16. Bd3 Ne4 17. Nxe4 dxe4 18. Bxe4 Rb8 19. c3 Nf6 20. Re1 Nxe4 21. Rxe4
Bb7 22. Rg4 Rbc8 23. Ne5 f6 24. Ng6 Rfd8 25. Qe1 Kf7 26. Rg3 Qc6 27. Rc1 Qb5 28.
b4 Qa4 29. Nf4 Re8 30. Qe2 Bd5 31. Qh5+ Kf8 32. Qg6 Rc7 33. Re1 Qb3 34. Qh7 Rec8
35. Qh8+ Ke7 36. Qxg7+ Kd6 37. Qxf6 Bc4 38. Rge3 Re8 39. d5 Bxd5 40. Qe5+ Kc6
41. Nxd5 Qxd5 42. Qxd5+ Kxd5 43. c4+ Rxc4 44. b5 e5 45. Rh3 Re6 46. Rd1+ Kc5 47.
Rhd3 Kxb5 48. Rd7 a5 49. R7d5+ Ka4 50. R5d3 Rd4 51. f3 b5 52. Kf2 Red6 53. Rxd4+
exd4 54. Rd3 b4 55. axb4 axb4 56. Ke2 b3 57. Kd2 Ka3 58. Kc1 Ka2 59. Rd2+ Ka1
60. f4 Rc6+ 61. Kd1 b2 62. Rxd4 b1=Q+ 63. Ke2 Qb2+ 64. Kd3 Qc2+ 65. Ke3 Rc3+
{White resigns} 0-1

[Event "Team 45 45 League T46"]
[Site "Internet Chess Club"]
[Date "2010.09.26"]
[Round "8"]
[White "MeoPatacca"]
[Black "mickeys"]
[Result "0-1"]
[WhiteElo "1846"]
[BlackElo "1948"]
[Opening "Queen's pawn"]
[ECO "A40"]
[Time "13:25:35"]
[TimeControl "2700+45"]

1. d4 e6 2. Nf3 d5 3. Bf4 Bd6 4. Bg3 Nf6 5. e3 O-O 6. Bd3 c5 7. c3 b6 8. Nbd2
Ba6 9. Bxa6 Nxa6 10. Bxd6 Qxd6 11. Qe2 Nc7 12. Ne5 Nd7 13. Ndf3 f6 14. Nxd7 Qxd7
15. O-O Rae8 16. dxc5 bxc5 17. e4 a5 18. Rad1 Qa4 19. b3 Qxe4 20. Qxe4 dxe4 21.
Nd2 f5 22. Nc4 Nd5 23. Nxa5 Nxc3 24. Rd2 Ra8 25. Rc1 e3 26. Rdc2 exf2+ 27. Kf1
Ne4 28. Nc6 Ra6 29. Ne5 Rd8 30. a4 Rad6 31. Rxf2 Rd1+ 32. Rxd1 Rxd1+ 33. Ke2
Rd2+ {White resigns} 0-1

[Event "Team 45 45 League T46"]
[Site "Internet Chess Club"]
[Date "2010.09.27"]
[Round "8"]
[White "cknights"]
[Black "GreatBendini"]
[Result "0-1"]
[WhiteElo "1787"]
[BlackElo "1841"]
[Opening "Benkö gambit: main line"]
[ECO "A58"]
[Time "21:05:40"]
[TimeControl "2700+45"]

1. d4 Nf6 2. c4 c5 3. d5 b5 4. cxb5 a6 5. bxa6 Bxa6 6. Nc3 g6 7. e4 Bxf1 8. Kxf1
d6 9. Nf3 Bg7 10. g3 O-O 11. Kg2 Nbd7 12. Bf4 Ng4 13. Qd2 Qb6 14. h4 Rfb8 15.
Rhb1 Qb4 16. Qc2 Qc4 17. Rh1 Bd4 18. Nxd4 cxd4 19. Qd1 dxc3 20. Qxg4 Qxe4+ 21.
Kh2 Ne5 22. Qd1 Rxb2 23. Kg1 Nf3+ 24. Kf1 c2 25. Qc1 Rb1 26. Rxb1 cxb1=Q 27.
Qxb1 Qxb1+ 28. Kg2 Qe4 29. Kh3 Rxa2 30. Rc1 Rxf2 31. Rc8+ Kg7 32. h5 Rh2+ 33.
Kg4 f5# {White checkmated} 0-1

[Event "Team 45 45 League T46"]
[Site "Internet Chess Club"]
[Date "2010.09.26"]
[Round "8"]
[White "Magagna"]
[Black "pishd"]
[Result "1/2-1/2"]
[WhiteElo "1877"]
[BlackElo "1825"]
[Opening "Dutch defense, Rubinstein variation"]
[ECO "A40"]
[Time "13:02:00"]
[TimeControl "2700+45"]

1. d4 e6 2. c4 f5 3. Nc3 Nf6 4. Nf3 Bb4 5. Bd2 O-O 6. a3 Bxc3 7. Bxc3 d6 8. e3
Ne4 9. Bd3 Nxc3 10. bxc3 Qe8 11. Qb3 Kh8 12. O-O-O b6 13. Nd2 Bd7 14. Qb2 e5 15.
Bc2 Ba4 16. h3 Bxc2 17. Qxc2 Nc6 18. Nb3 Qf7 19. d5 Ne7 20. f3 f4 21. e4 Ng8 22.
Qe2 a5 23. Rd2 Qd7 24. Ra2 Qa4 25. Nd2 Nf6 26. Qd1 Qxd1+ 27. Rxd1 Nd7 28. Nb3
Rfb8 29. a4 Rf8 30. Rf2 Rf6 31. Kb2 Rg6 32. Na1 Nc5 33. Ka3 Rg3 34. Nc2 Rf8 35.
Ne1 Rf6 36. Nd3 Nxd3 37. Rxd3 g5 38. Rd1 h5 39. Rh1 Rg6 40. Kb3 Kg7 41. c5 dxc5
42. Kc4 g4 43. hxg4 hxg4 44. Rh5 gxf3 45. gxf3 R6g5 46. Rfh2 {Game drawn by
mutual agreement} 1/2-1/2

[Event "Team 45 45 League T46"]
[Site "Internet Chess Club"]
[Date "2010.09.25"]
[Round "8"]
[White "CameronD"]
[Black "gerailen0075"]
[Result "0-1"]
[WhiteElo "1683"]
[BlackElo "1859"]
[Opening "Queen's pawn"]
[ECO "A40"]
[Time "21:00:49"]
[TimeControl "2700+45"]

1. d4 e6 2. Nf3 Nf6 3. Bf4 c5 4. c3 Qb6 5. Qc2 cxd4 6. cxd4 Nc6 7. e3 Nb4 8. Qb3
Qa5 9. Nbd2 b6 10. Be2 Ba6 11. Bxa6 Qxa6 12. Nc4 d5 13. Nd6+ Bxd6 14. Bxd6 Nd3+
15. Kd1 Nxf2+ 16. Ke1 Nxh1 17. Ne5 Rc8 18. a4 Ne4 19. Ba3 Nhf2 20. Bb4 f6 21. a5
fxe5 22. Qa4+ b5 23. Qb3 {White resigns} 0-1

[Event "Team 45 45 League T46"]
[Site "Internet Chess Club"]
[Date "2010.09.26"]
[Round "8"]
[White "TerryMalloy"]
[Black "Deckfuel"]
[Result "1-0"]
[WhiteElo "2025"]
[BlackElo "1955"]
[Opening "QGD: Chigorin defense"]
[ECO "D07"]
[Time "09:00:09"]
[TimeControl "2700+45"]

1. d4 d5 2. c4 Nc6 3. Nf3 Bg4 4. cxd5 Bxf3 5. gxf3 Qxd5 6. e3 e5 7. Nc3 Bb4 8.
Bd2 Bxc3 9. bxc3 Qd6 10. Rg1 g6 11. Qb3 O-O-O 12. Rb1 b6 13. Ba6+ Kb8 14. Qxf7
Nge7 15. Qb3 Rhe8 16. Rg2 Nf5 17. Kf1 Nh4 18. Rg3 Qf6 19. Be2 Nf5 20. Rg2 exd4
21. e4 d3 22. Bd1 Na5 23. Qa4 Nd6 24. Qxa5 Nc4 25. Qg5 Qc6 26. Kg1 Rd7 27. Rb4
a5 28. Rb1 Re5 29. Qf4 Rd6 30. Be3 Rf6 31. Qg3 Nxe3 32. fxe3 Rc5 33. Rd2 Rxc3
34. e5 Re6 35. f4 Qc5 36. Bb3 Rc6 37. Rbd1 Rc1 38. Rxd3 b5 39. Rxc1 Qxc1+ 40.
Rd1 Qa3 41. Qh3 a4 42. Bd5 Rc2 43. Bg2 Qxa2 44. Qf3 c6 45. Qg4 Rd2 46. Rxd2 Qxd2
47. Qf3 Qc1+ 48. Kf2 a3 49. e6 Kc7 50. e7 Kd7 51. Qe4 Ke8 52. Qxc6+ Qxc6 53.
Bxc6+ Kxe7 54. Bd5 Kd6 55. e4 Kc5 56. Ke3 Kb4 57. Kd3 Kc5 58. Bb3 Kb4 59. Kc2 h6
60. f5 gxf5 61. exf5 Kc5 62. f6 Kd6 63. Kd3 Kd7 64. Kc3 Ke8 65. Kb4 a2 66. Bxa2
{Black resigns} 1-0

[Event "Team 45 45 League T46"]
[Site "Internet Chess Club"]
[Date "2010.09.22"]
[Round "8"]
[White "eSeM"]
[Black "Folgers"]
[Result "0-1"]
[WhiteElo "1960"]
[BlackElo "2151"]
[Opening "QGD Slav: Winawer counter-gambit"]
[ECO "D10"]
[Time "22:00:55"]
[TimeControl "2700+45"]

1. d4 d5 2. c4 c6 3. Nc3 e5 4. e3 e4 5. Qb3 Nf6 6. Bd2 Bd6 7. cxd5 O-O 8. Nge2
Qe7 9. Ng3 Rd8 10. dxc6 Nxc6 11. Be2 Be6 12. Qb5 Nb4 13. O-O Bxg3 14. fxg3 Nbd5
15. Rac1 a6 16. Qa5 Rac8 17. b3 Qd6 18. b4 Nxc3 19. Rxc3 Nd5 20. Rcc1 b6 21. Qa4
b5 22. Qa5 Ra8 23. a4 Rdb8 24. Rc5 Nb6 25. Rfc1 Bc4 26. Bd1 f5 27. Rxf5 Rf8 28.
g4 g6 29. axb5 gxf5 {White resigns} 0-1

[Event "Team 45 45 League T46"]
[Site "Internet Chess Club"]
[Date "2010.09.23"]
[Round "8"]
[White "cysk"]
[Black "LucaTrapani"]
[Result "1/2-1/2"]
[WhiteElo "1755"]
[BlackElo "1984"]
[Opening "French: King's Indian attack"]
[ECO "C00"]
[Time "22:24:46"]
[TimeControl "2700+45"]

1. e4 e6 2. d3 d5 3. Nd2 c5 4. Ngf3 Nc6 5. g3 Bd6 6. Bg2 Nge7 7. O-O O-O 8. Nh4
Bd7 9. f4 f6 10. Ndf3 Qc7 11. c4 Rad8 12. Bd2 Nb4 13. Qb3 a5 14. a3 a4 15. Qc3
d4 16. Qc1 Nbc6 17. Bh3 Na5 18. e5 Nb3 19. exd6 Qxd6 20. Qc2 Nxa1 21. Rxa1 b5
22. cxb5 Rb8 23. Re1 Rxb5 24. Qc4 Rb6 25. Ba5 Ra6 26. Bc7 Qc6 27. f5 Bc8 28. Bf4
Rb6 29. Bc1 Nd5 30. fxe6 Re8 31. Bg2 Ba6 32. Nxd4 Bxc4 33. Nxc6 Ba2 34. Na5
Rbxe6 35. Rxe6 Rxe6 36. Kf2 g5 37. Nf5 Re5 38. Ne3 Nc7 39. Nac4 Re8 40. Nb6 Bb3
41. Bc6 Re6 42. Nc8 Kf8 43. Bd7 {Game drawn by mutual agreement} 1/2-1/2

[Event "Team 45 45 League T46"]
[Site "Internet Chess Club"]
[Date "2010.09.28"]
[Round "8"]
[White "otherook"]
[Black "Eyechess"]
[Result "0-1"]
[WhiteElo "1770"]
[BlackElo "1876"]
[Opening "English, 1...Nf6 (Anglo-Indian defense)"]
[ECO "A15"]
[Time "17:00:05"]
[TimeControl "2700+45"]

1. c4 Nf6 2. g3 e6 3. Bg2 d5 4. cxd5 exd5 5. d4 Bd6 6. Nc3 c6 7. Nf3 O-O 8. O-O
Re8 9. e3 Nbd7 10. b3 Nf8 11. Bb2 Bf5 12. Rc1 Ng6 13. Na4 Ne4 14. Nc5 Qe7 15.
Nd3 Rad8 16. Nfe5 Ng5 17. Nxg6 fxg6 18. Ne5 Rf8 19. g4 Bc8 20. f4 Ne4 21. g5 Bf5
22. a3 Qe6 23. b4 Bh3 24. Rc2 Bxg2 25. Rxg2 Qh3 26. Qf3 Qxf3 27. Nxf3 a5 28.
bxa5 Ra8 29. Ra1 Rxa5 30. Bc1 Rfa8 31. Rga2 Nc3 32. Bd2 Nxa2 33. Bxa5 Rxa5 34.
Rxa2 Rxa3 35. Rxa3 Bxa3 36. Ne5 Kf8 37. Kf1 Ke7 38. Ke2 Kd6 39. Nd3 b6 40. Ne1
c5 41. Nc2 Bb2 42. dxc5+ bxc5 43. Kd3 Kc6 44. Ne1 Bc1 45. Ng2 c4+ 46. Kc2 Ba3
47. Ne1 Bc5 48. Ng2 Kb5 49. Kc3 Ba7 {White resigns} 0-1

[Event "Team 45 45 League T46"]
[Site "Internet Chess Club"]
[Date "2010.09.24"]
[Round "8"]
[White "AG2009"]
[Black "eurander"]
[Result "1/2-1/2"]
[WhiteElo "2316"]
[BlackElo "2188"]
[Opening "QGD Slav: 4.e3 Bf5"]
[ECO "D12"]
[Time "10:02:21"]
[TimeControl "2700+45"]

1. Nf3 d5 2. d4 Nf6 3. c4 c6 4. e3 Bf5 5. Nc3 e6 6. Nh4 Bg6 7. Be2 Nbd7 8. O-O
Bd6 9. g3 O-O 10. Nxg6 hxg6 11. Qb3 Rb8 12. Rd1 Qe7 13. Bd2 Rfd8 14. Rac1 a6 15.
Qc2 dxc4 16. Bxc4 c5 17. dxc5 Bxc5 18. Be2 Rbc8 19. Na4 b5 20. Nxc5 Rxc5 21. Qb3
Qe8 22. Qa3 Rxc1 23. Rxc1 Ne5 24. Ba5 Rc8 25. Rxc8 Qxc8 26. Qc3 Qxc3 27. Bxc3
Nfd7 28. a4 bxa4 29. Bxa6 Nc5 30. Bb5 Ned7 31. Kf1 f6 32. Ke2 Kf7 33. f3 g5 34.
e4 Ke7 35. Ke3 Kd6 36. h4 gxh4 37. gxh4 e5 38. Bb4 Kc7 39. Ba5+ Kd6 40. Kf2 Ke6
41. Ke3 Kd6 42. f4 exf4+ 43. Kxf4 g6 44. Bc3 Ke6 45. Ke3 Kf7 46. Kd4 Ne6+ 47.
Kc4 Nb6+ 48. Kb4 g5 49. hxg5 Nxg5 50. Bc6 Nc8 51. Kxa4 Nd6 52. e5 fxe5 53. Bxe5
Ke6 54. Bc3 Nge4 {Game drawn by mutual agreement} 1/2-1/2

[Event "Team 45 45 League T46"]
[Site "Internet Chess Club"]
[Date "2010.09.28"]
[Round "8"]
[White "pestka"]
[Black "Camalleo"]
[Result "1/2-1/2"]
[WhiteElo "2251"]
[BlackElo "1979"]
[Opening "English opening"]
[ECO "A30"]
[Time "03:03:47"]
[TimeControl "2700+45"]

1. Nf3 Nf6 2. c4 c5 3. Nc3 e6 4. g3 Nc6 5. Bg2 a6 6. O-O Be7 7. d4 cxd4 8. Nxd4
Qc7 9. b3 O-O 10. Bb2 Rb8 11. Rc1 Nxd4 12. Qxd4 b6 13. Rfd1 Bb7 14. Ne4 Bxe4 15.
Bxe4 Bc5 16. Qd3 Nxe4 17. Qxe4 f6 18. Rd3 Rf7 19. e3 Rd8 20. Rcd1 f5 21. Qf3 d6
22. a3 a5 23. Qe2 Rb8 24. Rc1 Qb7 25. Qd2 Qe4 26. b4 axb4 27. f3 Qxf3 28. axb4
f4 29. bxc5 bxc5 30. gxf4 Qg4+ 31. Kh1 Qf3+ 32. Kg1 Qg4+ 33. Kh1 Qf3+ 34. Kg1
{Game drawn by repetition} 1/2-1/2

[Event "Team 45 45 League T46"]
[Site "Internet Chess Club"]
[Date "2010.09.23"]
[Round "8"]
[White "CREDITorDEBIT"]
[Black "azbycx"]
[Result "0-1"]
[WhiteElo "1819"]
[BlackElo "1905"]
[Opening "Scandinavian (center counter) defense"]
[ECO "B01"]
[Time "23:00:07"]
[TimeControl "2700+45"]

1. e4 d5 2. exd5 Qxd5 3. Nc3 Qa5 4. d4 g6 5. Bc4 Nf6 6. Ne2 Bg7 7. Bd2 Qh5 8. f3
Qh4+ 9. g3 Qh3 10. Nf4 Qd7 11. Be3 O-O 12. Qd2 a6 13. h4 Qd6 14. h5 gxh5 15.
O-O-O Bf5 16. Nxh5 Nxh5 17. Rxh5 Bg6 18. Rh3 Rd8 19. Ne2 Nc6 20. c3 Na5 21. Bd3
Qe6 22. Rdh1 Qxa2 23. Kc2 Nc4 24. Bxg6 Qxb2+ 25. Kd3 Nxd2 26. Bxh7+ Kf8 27. Bxd2
e5 28. Bc1 Qb5+ 29. Kd2 exd4 30. Ba3+ c5 31. cxd4 Bxd4 32. Bd3 Qa5+ {White
resigns} 0-1

[Event "Team 45 45 League T46"]
[Site "Internet Chess Club"]
[Date "2010.09.26"]
[Round "8"]
[White "b-spot"]
[Black "RayF"]
[Result "0-1"]
[WhiteElo "1727"]
[BlackElo "1882"]
[Opening "King's Indian: orthodox, Aronin-Taimanov, bayonet attack"]
[ECO "E97"]
[Time "09:00:23"]
[TimeControl "2700+45"]

1. d4 Nf6 2. c4 g6 3. Nc3 Bg7 4. e4 d6 5. Nf3 O-O 6. Be2 e5 7. O-O Nc6 8. d5 Ne7
9. b4 Nh5 10. Re1 f5 11. Ng5 Nf4 12. Bxf4 exf4 13. Rc1 Bf6 14. Ne6 Bxe6 15. dxe6
Bxc3 16. Rxc3 fxe4 17. Bf1 e3 18. fxe3 f3 19. gxf3 Nc6 20. Qd5 Qf6 21. Rb3 Qxf3
22. Qxf3 Rxf3 23. Bg2 Rf5 24. Bd5 Re8 25. Rf1 Rxf1+ 26. Kxf1 Kf8 27. Rb2 Nd8 28.
Rf2+ Ke7 29. Rf4 c6 30. Bg2 Nxe6 31. Re4 Kf6 32. Bh3 h5 33. Ke2 g5 34. Bxe6 Rxe6
35. Rd4 Kf5 36. h3 Re4 37. Rxd6 Rxc4 38. a3 Rh4 39. Rd3 Ke6 40. Rd8 Rxh3 41. Rg8
g4 42. Rg7 Rh2+ 43. Kf1 Ra2 44. Rxb7 Rxa3 45. Rh7 Rxe3 46. Rxh5 Rb3 47. Ra5 Rxb4
48. Rxa7 Kf5 49. Rc7 Rc4 50. Ke2 Kf4 51. Rf7+ Kg3 52. Kd3 Rf4 53. Rc7 Kf2 54.
Rxc6 g3 55. Rc2+ Kf3 56. Re2 Rd4+ {White resigns} 0-1

[Event "Team 45 45 League T46"]
[Site "Internet Chess Club"]
[Date "2010.09.25"]
[Round "8"]
[White "chiiwen"]
[Black "Geeloo"]
[Result "1-0"]
[WhiteElo "2147"]
[BlackElo "2093"]
[Opening "Ruy Lopez: Schliemann defense, Berger variation"]
[ECO "C63"]
[Time "15:38:02"]
[TimeControl "2700+45"]

1. e4 e5 2. Nf3 Nc6 3. Bb5 f5 4. Nc3 fxe4 5. Nxe4 d5 6. Nxe5 dxe4 7. Nxc6 Qg5 8.
Qe2 Nf6 9. f4 Qxf4 10. Ne5+ c6 11. d4 Qh4+ 12. g3 Qh3 13. Bc4 Be6 14. Bf4 O-O-O
15. O-O-O Bd6 16. a4 Rhe8 17. Kb1 Bg4 18. Nxg4 Qxg4 19. Bc1 Bc7 20. Rhf1 Rd7 21.
Be3 Kb8 22. c3 a5 23. Rde1 Qg6 24. Bb3 Rde7 25. Bc2 Qf7 26. Bg5 Qe6 27. Bxf6
gxf6 28. Qf2 Qh3 29. Re2 Re6 30. Qf5 Qxf5 31. Rxf5 Bd8 32. Bb3 Rd6 33. Rf4 e3
34. Rf3 Re7 35. Rfxe3 Rdd7 36. Be6 Rc7 37. Kc2 b6 38. Kd3 Rg7 39. Bf5 Be7 40.
Re4 Kb7 41. Rh4 Bf8 42. Re8 Bd6 43. Re6 Be7 44. Rxh7 Rxh7 45. Bxh7 Kc8 46. Bf5
Kd8 47. h4 Ke8 48. h5 Kf7 49. h6 Bf8 50. h7 Bg7 51. g4 Bh8 52. b3 Bg7 53. c4 Bh8
54. c5 bxc5 55. dxc5 Bg7 56. Rd6 Ke7 57. Kc4 Bh8 58. Rd1 Ke8 59. Bg6+ Kf8 60.
Rd8+ Kg7 61. Bf5 {Black resigns} 1-0

[Event "Team 45 45 League T46"]
[Site "Internet Chess Club"]
[Date "2010.09.27"]
[Round "8"]
[White "perikitosax"]
[Black "Fulvio"]
[Result "0-1"]
[WhiteElo "1904"]
[BlackElo "2032"]
[Opening "Old Benoni defense"]
[ECO "A46"]
[Time "14:07:57"]
[TimeControl "2700+45"]

1. d4 Nf6 2. Nf3 c5 3. d5 b5 4. Bg5 Qb6 5. Bxf6 Qxf6 6. c3 d6 7. e4 a6 8. Be2 g6
9. a4 b4 10. a5 Bg7 11. Qb3 Nd7 12. cxb4 cxb4 13. Qxb4 Qxb2 14. Qxb2 Bxb2 15.
Ra2 Rb8 16. O-O Bg7 17. Nbd2 Nc5 18. Re1 Rb2 19. Rxb2 Bxb2 20. Rb1 Bc3 21. Nc4
O-O 22. Rc1 Bg7 23. Nb6 Bb7 24. Rc4 e6 25. dxe6 fxe6 26. Nd2 Bh6 27. Nf3 Bxe4
28. Nd7 Bxf3 {White resigns} 0-1